 Dungeon Crawl Stone Soup version 0.28.0 (webtiles) character file.

Game seed: 7245640531609439767

69 SnakkuSnakku7 the Vexing (level 4, -17/30 HPs)
             Began as a Human Enchanter on Feb 9, 2022.
             Demolished by an orc (20 damage)
             ... on level 2 of the Dungeon.
             The game lasted 00:02:50 (1972 turns).

SnakkuSnakku7 the Vexing (Human Enchanter)          Turns: 1972, Time: 00:02:52

Health: -17/30     AC:  3    Str:  8    XL:     4   Next: 42%
Magic:  0/7        EV: 12    Int: 17    God:
Gold:   56         SH:  0    Dex: 14    Spells: 5/7 levels left

rFire   . . .      SeeInvis .   a - +1 dagger (drain)
rCold   . . .      Faith    .   (no shield)
rNeg    . . .      Spirit   .   b - +0 robe
rPois   .          Reflect  .   (no helmet)
rElec   .          Harm     .   (no cloak)
rCorr   .          Rampage  .   d - +0 pair of gloves
Will    .....                   (no boots)
Stlth   ++........              (no amulet)
HPRegen 0.10/turn               (no ring)
MPRegen 0.10/turn               (no ring)

@: no status effects
A: no striking features
a: no special abilities


You were on level 2 of the Dungeon.
You visited 1 branch of the dungeon, and saw 3 of its levels.

You collected 56 gold pieces.

Inventory:

Hand Weapons
 a - a +1 dagger of draining (weapon)
 f - a +1 dagger
Armour
 b - a +0 robe (worn)
 d - a +0 pair of gloves (worn)
Scrolls
 e - 3 scrolls of identify {unknown}
 h - a scroll of blinking {unknown}
 i - a scroll of fog {unknown}
 j - a scroll of vulnerability {unknown}
 k - 2 scrolls of enchant armour {unknown}
 l - 3 scrolls of brand weapon {unknown}
 m - a scroll of magic mapping {unknown}
Potions
 c - a potion of invisibility


   Skills:
 - Level 1.0 Short Blades
 - Level 2.0 Dodging
 - Level 3.0 Stealth
 - Level 2.0 Spellcasting
 + Level 4.9 Hexes


You had 5 spell levels left.
You knew the following spells:

 Your Spells              Type           Power      Damage    Failure   Level
a - Ensorcelled Hibernat  Hex/Ice        20%        N/A       11%         2

Your spell library contained the following spells:

 Spells                   Type           Power      Damage    Failure   Level
 Confusing Touch          Hex            18%        N/A       8%          3
 Tukima's Dance           Hex            18%        N/A       8%          3
 Dazzling Flash           Conj/Hex       20%        N/A       22%         3


Dungeon Overview and Level Annotations

Branches:
Dungeon (3/15)

Altars:
Dithmenos

Annotations:
D:2 exclusion: worm


Message History

The orc looks drowsy...
Unknown command.
The helpless orc fails to defend itself.
You puncture the orc!
You kill the orc!
Your life force feels restored.
Aiming: Ensorcelled Hibernation (safe; 11% risk of failure)
Press: ? - help, Q - select action Shift-Dir - straight line, f - orc
Aim: an orc, wielding a +0 hand axe of electrocution and wearing a +0 ring mail (chance to affect: 62%)
The orc resists with significant effort.
The orc closely misses you.
The orc hits you with a +0 hand axe of electrocution.
You climb upwards.
Level annotation: exclusion: worm
There is a stone staircase leading down here.
Your magical contamination has completely faded away.
You see here a +0 short sword.
Aiming: Ensorcelled Hibernation (safe; 11% risk of failure)
Press: ? - help, Q - select action Shift-Dir - straight line, f - orc
Aim: an orc, wielding a +0 hand axe of electrocution and wearing a +0 ring mail (chance to affect: 62%)
The orc resists with significant effort.
The orc hits you with a +0 hand axe of electrocution.
You are electrocuted!
* * * LOW HITPOINT WARNING * * *
Aiming: Ensorcelled Hibernation (safe; 11% risk of failure)
Press: ? - help, Q - select action Shift-Dir - straight line, f/p - orc
Aim: an orc, wielding a +0 hand axe of electrocution and wearing a +0 ring mail (chance to affect: 62%)
The orc looks drowsy...
Unknown command.
The helpless orc fails to defend itself.
You hit the orc.
The orc is almost dead.
The orc closely misses you.
You barely miss the orc.
The orc is almost dead.
The orc hits you with a +0 hand axe of electrocution.
* * * LOW HITPOINT WARNING * * *
You are electrocuted!!
Ouch! That really hurt!
You die...

######### #.......# #####.......#
############...........######
#..................######....
###..................# #....
#............o@......######....
#.###..........................
#.# #................######....
#.###........#.......# #....
#.#.#........#.......# #....
###.#.#........#.......# #....
#.....#........#.......# ###..
#.#.#.#....[..##.......##########
#.#......).>...+..............[..


You could see an orc.

Vanquished Creatures
  An orc priest (D:3)
  An adder (D:3)
  3 orcs
  An endoplasm (D:1)
  A goblin (D:1)
  A hobgoblin (D:3)
  A jackal (D:3)
  3 kobolds (D:1)
  A quokka (D:2)
  4 ball pythons (D:1)
  4 bats
  5 frilled lizards (D:1)
  3 rats
29 creatures vanquished.

Notes
Turn   | Place    | Note
-------+----------+-------------------------------------------
     0 | D:1      | SnakkuSnakku7 the Human Enchanter began the quest for the
                  | Orb.
     0 | D:1      | Reached XP level 1. HP: 13/13 MP: 3/3
   194 | D:1      | Reached XP level 2. HP: 14/19 MP: 5/5
   213 | D:1      | Learned a level 2 spell: Ensorcelled Hibernation
   363 | D:1      | Found a faded altar of an unknown god.
   820 | D:2      | Found a shadowy altar of Dithmenos.
  1083 | D:2      | Reached skill level 4 in Hexes
  1083 | D:2      | Reached XP level 3. HP: 23/24 MP: 6/6
  1665 | D:3      | Reached XP level 4. HP: 14/30 MP: 2/7
  1972 | D:2      | Demolished by an orc

Illustrated notes

Levels and vault maps discovered:
D:1:      dpeg_arrival_rooms_with_view, layout_basic,
          dreamdust_ecumenical_altar_grove, minmay_misc_feat_more_columns,
          minmay_misc_feat_four_crosses
D:2:      layout_basic, basic_altar, chequers_serial_rivers_large_b
D:3:      layout_basic, general_overflow_altar, serial_shops,
          nicolae_shop_advertising_works [nicolae_subvault_shop_adworks],
          minmay_misc_feat_nine_boxes

Skill      XL: |  1  2 |
---------------+-------+-----
Hexes          | 4 |  4.9
Short Blades   | |  1.0
Dodging        | |  2.0
Stealth        | |  3.0
Spellcasting   | |  2.0

Action                   |  1- 3 |  4- 6 || total
-------------------------+-------+-------++-------
Melee: Dagger            |    68 |     9 ||    77
 Cast: Ensorcelled Hiber |    13 |     7 ||    20
  Use: Potion            |     2 |       ||     2
 Stab: Sleeping          |    11 |     4 ||    15
Armor: Robe              |    25 |     5 ||    30
Dodge: Dodged            |    69 |     6 ||    75
